 Dungeon Crawl Stone Soup version 0.27.0 (webtiles) character file.

Game seed: 15490370652287326729

6864 Spectrina the Palentonga Cataclysm (level 10, -26/67 HPs)
             Began as a Palentonga Conjurer on July 30, 2021.
             Was a High Priest of Qazlal.
             Annihilated by an ettin (39 damage)
             ... on level 1 of the Orcish Mines on July 31, 2021.
             The game lasted 01:17:10 (5008 turns).

Spectrina the Palentonga Cataclysm (PaCj)           Turns: 5008, Time: 01:17:11

Health: -26/67     AC: 13    Str: 10    XL:     10   Next: 78%
Magic:  4/28       EV:  9    Int: 22    God:    Qazlal [*****.]
Gold:   385        SH:  7    Dex:  9    Spells: 2/21 levels left

rFire    + . .     SeeInvis +   c - +0 shortbow
rCold    . . .     Faith    .   (shield currently unavailable)
rNeg     . . .     Spirit   .   e - +0 leather armour {rF+}
rPois    .         Reflect  .   (no helmet)
rElec    .         Harm     .   (no cloak)
rCorr    .         Rampage  .   u - +1 pair of gloves
Will     .....                  (no barding)
Stlth    +.........             Q - amulet of magic regeneration
HPRegen  0.21/turn              q - ring of magical power
MPRegen  0.46/turn              (no ring)

@: very slightly contaminated, repel missiles, curled up
A: large, rugged brown scales 3, see invisible, deformed body, roll 1, armoured
tail, reflexive curl
a: Rolling Charge, Renounce Religion, Upheaval, Elemental Force, Disaster Area


You were on level 1 of the Orcish Mines.
You worshipped Qazlal.
Qazlal was extremely pleased with you.
You visited 2 branches of the dungeon, and saw 10 of its levels.
You also visited: Ossuary and Bailey.

You collected 469 gold pieces.
You spent 84 gold pieces at shops.

Inventory:

Hand Weapons
 b - a +0 hunting sling
 c - a +0 shortbow (weapon)
 m - a +3 halberd
 H - the +11 spear "Lyotiame" {vorpal, rPois rF- rC+ Str+3}
   (You found it on level 7 of the Dungeon)

   It inflicts extra damage upon your enemies.
   Str:       It affects your strength (+3).
   rF:        It makes you vulnerable to fire.
   rC:        It protects you from cold.
   rPois:     It protects you from poison.
 I - the +1 flail "Lisausil" {freeze, rPois Will+++ Int-2}
   (You found it on level 7 of the Dungeon)

   It freezes those it strikes, dealing additional cold damage.
   It can also slow down cold-blooded creatures.
   Int:       It affects your intelligence (-2).
   rPois:     It protects you from poison.
   Will:      It greatly increases your willpower.
 M - a +2 short sword of venom
 Y - a +2 scimitar of freezing
Missiles
 d - 55 bolts
 g - 209 arrows (quivered ammo)
 i - 390 stones
 r - 5 boomerangs
 s - 2 atropa-tipped darts
 B - 20 poisoned darts
 L - 39 sling bullets
 N - 11 throwing nets
 S - 8 curare-tipped darts
Armour
 a - a +0 robe
 e - a +0 leather armour of fire resistance (worn)
 n - a +0 pair of gloves
 t - a +0 crystal plate armour
 u - a +1 pair of gloves (worn)
 F - a +0 kite shield
 P - a +2 chain mail of fire resistance
Magical Staves
 j - a staff of cold
Jewellery
 h - an amulet of the acrobat
 p - an amulet of reflection
 q - a ring of magical power (left hand)
 Q - an amulet of magic regeneration (around neck)
Wands
 k - a wand of flame (19)
 G - a wand of iceblast (3)
 Z - a wand of paralysis (9)
Scrolls
 f - a scroll of brand weapon
 v - a scroll of vulnerability {unknown}
 x - a scroll of summoning {unknown}
 y - a scroll of fear {unknown}
 A - 2 scrolls of teleportation {unknown}
 C - 3 scrolls of amnesia
 D - 3 scrolls of magic mapping {unknown}
 K - a scroll of blinking {unknown}
 T - a scroll of fog {unknown}
Potions
 l - 3 potions of curing
 o - 3 potions of lignification
 w - 3 potions of heal wounds
 z - 3 potions of haste
 E - 3 potions of brilliance
 R - 2 potions of resistance
 U - a potion of berserk rage {unknown}
 V - a potion of flight {unknown}
 W - a potion of degeneration {unknown}
Miscellaneous
 J - a piece from Xom's chessboard (inert)
 X - a condenser vane (inert)


   Skills:
 - Level 1.5 Dodging
 - Level 1.2 Stealth
 + Level 6.1 Spellcasting
 + Level 9.2 Conjurations
 + Level 3.3 Hexes
 + Level 2.7 Fire Magic
 - Level 5.0 Ice Magic
 + Level 10.1 Invocations


You had 2 spell levels left.
You knew the following spells:

 Your Spells              Type           Power      Damage    Failure   Level
a - Magic Dart            Conj           100%       1d8       1%          1
f - Searing Ray           Conj           94%        3d6       1%          2
l - Dazzling Flash        Conj/Hex       68%        N/A       2%          3
p - Inner Flame           Hex/Fire       20%        N/A       11%         3
q - Frozen Ramparts       Ice            58%        1d7       4%          3
r - Conjure Flame         Conj/Fire      33%        6-21      3%          3
y - Fulminant Prism       Conj/Hex       17%        3d11      10%         4

Your spell library contained the following spells:

 Spells                   Type           Power      Damage    Failure   Level
 Foxfire                  Conj/Fire      100%       2x1d9     1%          1
 Iskenderun's Mystic Bla  Conj/Tloc      27%        2d7       19%         4
 Ice Form                 Ice/Tmut       17%        N/A       41%         4
 Summon Ice Beast         Ice/Summ       17%        N/A       41%         4


Dungeon Overview and Level Annotations

Branches:
Dungeon (9/15)             Temple (0/1) D:7             Orc (1/2) D:9
Ossuary (visited)          Bailey (visited)
   Lair: D:8-11

Altars:
Qazlal

Shops:
D:4 (   D:6 *


Innate Abilities, Weirdness & Mutations

You are completely covered in rugged brown scales. (AC +3, +7% HP)
You have supernaturally acute eyesight. (SInv)
Armour fits poorly on your strangely shaped body.
You can roll at nearby foes to attack.
You have a long armoured tail.
You curl defensively after being hit.


Message History

A fulminant prism comes into view.
The ogre is engulfed in noxious fumes.
The ogre appears confused.
Unknown command.
Casting: Fulminant Prism (dangerous; 10% risk of failure)
Confirm with . or Enter, or press ? or * to list all spells.
Aiming: Searing Ray (safe; 1% risk of failure)
Press: ? - help, Shift-Dir - straight line, f - ogre
Aim: an ogre, wielding a +0 giant club (moderately wounded, inner flame, confused, 98% to hit)
The searing ray hits the ettin!
The ettin is lightly wounded.
The searing ray hits the ogre!
Flame seeps out of the ogre.
The ogre is severely wounded. (Press . to maintain the ray.)
The ogre is engulfed in blazing flames.
Qazlal accepts your kill.
The ogre explodes!
The fiery explosion engulfs your fulminant prism!
Your fulminant prism resists.
Your fulminant prism detonates feebly.
The fiery explosion engulfs the ettin!
The ettin is heavily wounded.
The ettin is engulfed in blazing flames.
The orc wizard is engulfed in noxious fumes.
The orc wizard appears confused.
You hear a shout!
Unknown command.
The searing ray hits the ettin!
The ettin is severely wounded.
The ettin is engulfed in blazing flames.
The ettin hits you with a +0 great mace!!
The ettin hits you with a +0 dire flail!
Unknown command.
The searing ray hits the ettin.
The ettin is severely wounded.
The ettin is engulfed in blazing flames.
The ettin hits you with a +0 great mace!!
* * * LOW HITPOINT WARNING * * *
The ettin hits you with a +0 dire flail!!!
Ouch! That really hurt!
You die...

### #<# #.#
#@# ##C##
#§§.# #§°..#
#.☼§§#.#
#..§§§o..#
#.§☼☼.°#...#
...§.§§##....#
.......$# ..#.


You could see an ettin and an orc wizard (confused).

Vanquished Creatures
  Harold (D:8)
  A cyclops (D:8)
  Prince Ribbit (D:7)
  Grinder (D:6)
  Sigmund (D:5)
  2 wyverns (D:8)
  4 vampire mosquitoes (D:9)
  A warg (Orc:1)
  5 water moccasins
  2 ice beasts
  A sky beast (D:6)
  An orc warrior (D:8)
  An ogre (Orc:1)
  5 centaurs
  3 kobold brigands
  2 bullfrogs
  8 gnoll sergeants (Bailey)
  2 scorpions
  A water moccasin zombie (D:6)
  A troll zombie (Ossuary)
  8 wights
  3 killer bees (D:9)
  A howler monkey (D:8)
  An electric eel (D:6)
  5 centaur zombies
  2 human zombies (Ossuary)
  4 hounds
  A jelly (D:5)
  3 orc priests
  7 gnoll shamans
  5 iguanas
  3 orc wizards
  2 ogre zombies (Ossuary)
  A hound zombie (D:5)
  7 mummies (Ossuary)
  21 gnolls
  A howler monkey skeleton (D:6)
  3 adders
  A shadow imp (D:6)
  A white imp (D:6)
  An ufetubus (D:5)
  3 adder zombies (Ossuary)
  A worm (D:2)
  A dart slug (D:2)
  12 orcs
  8 endoplasms
  4 giant cockroaches
  9 goblins
  4 hobgoblins
  4 jackals (D:3)
  A quokka (D:2)
  2 ball pythons (D:1)
  4 bats
  3 frilled lizards
  A gnoll zombie (Ossuary)
  3 goblin zombies (Ossuary)
  6 hobgoblin zombies (Ossuary)
  19 kobolds
  4 kobold zombies (Ossuary)
  4 quokka zombies (Ossuary)
  9 rats
  2 rat zombies (Ossuary)
  A fulminant prism (Orc:1)
230 creatures vanquished.

Vanquished Creatures (others)
  A demonic plant (D:1)
  10 fulminant prisms
  A fungus (D:1)
12 creatures vanquished.

Grand Total: 242 creatures vanquished

Notes
Turn   | Place    | Note
-------+----------+-------------------------------------------
     0 | D:1      | Spectrina the Palentonga Conjurer began the quest for the
                  | Orb.
     0 | D:1      | Reached XP level 1. HP: 13/13 MP: 3/3
   173 | D:2      | Reached XP level 2. HP: 8/20 MP: 1/5
   628 | D:1      | Found a faded altar of an unknown god.
   641 | D:1      | Became a worshipper of Qazlal Stormbringer
   641 | D:1      | Reached * piety under Qazlal
   704 | D:2      | Learned a level 2 spell: Searing Ray
   790 | D:2      | Reached XP level 3. HP: 16/25 MP: 0/6
   886 | D:2      | Learned a level 3 spell: Dazzling Flash
   998 | D:2      | Reached skill level 1 in Invocations
  1136 | D:4      | Noticed a centaur
  1176 | D:4      | Killed a centaur
  1177 | D:4      | Reached skill level 5 in Conjurations
  1177 | D:4      | Reached skill level 2 in Invocations
  1177 | D:4      | Reached XP level 4. HP: 11/32 MP: 7/7
  1177 | D:4      | Reached XP level 5. HP: 13/37 MP: 8/8
  1256 | D:4      | Found Orabb's Antique Weapon Shop.
  1405 | D:4      | Noticed an ogre
  1432 | D:3      | Reached skill level 3 in Invocations
  1778 | D:3      | Reached ** piety under Qazlal
  1928 | D:5      | Entered Level 5 of the Dungeon
  1930 | D:5      | Noticed Sigmund
  1941 | D:5      | Killed Sigmund
  1942 | D:5      | Reached skill level 1 in Ice Magic
  1942 | D:5      | Reached XP level 6. HP: 37/43 MP: 2/10
  1984 | D:5      | Learned a level 3 spell: Frozen Ramparts
  1991 | D:6      | Noticed a sky beast
  2005 | D:6      | Found Nuirodd's Elemental Accessories.
  2070 | D:6      | Reached skill level 4 in Invocations
  2175 | D:6      | Gained mutation: You curl defensively after being hit.
                  | [Palentonga growth]
  2175 | D:6      | Reached XP level 7. HP: 23/49 MP: 11/11
  2241 | D:6      | Found a sand-covered staircase.
  2256 | Ossuary  | Entered an ossuary
  2478 | Ossuary  | Reached *** piety under Qazlal
  2713 | Ossuary  | Reached skill level 5 in Invocations
  2841 | D:5      | Reached XP level 8. HP: 55/55 MP: 14/14
  3016 | D:6      | Bought a wand of iceblast (3) for 84 gold pieces
  3025 | D:6      | Noticed Grinder
  3033 | D:6      | Killed Grinder
  3082 | D:7      | Found a staircase to the Ecumenical Temple.
  3122 | D:6      | Reached **** piety under Qazlal
  3123 | D:6      | Reached skill level 6 in Invocations
  3198 | D:6      | Learned a level 4 spell: Iskenderun's Mystic Blast
  3260 | D:7      | Reached skill level 5 in Spellcasting
  3279 | D:7      | Noticed Prince Ribbit
  3284 | D:7      | Killed Prince Ribbit
  3285 | D:7      | Reached XP level 9. HP: 41/60 MP: 2/16
  3294 | D:7      | Identified the +11 spear "Lyotiame" {vorpal, rPois rF- rC+
                  | Str+3}
  3331 | D:7      | Identified the +1 flail "Lisausil" {freeze, rPois Will+++
                  | Int-2}
  3559 | D:8      | Noticed Harold
  3580 | D:8      | Killed Harold
  3581 | D:8      | Reached skill level 5 in Ice Magic
  3581 | D:8      | Reached skill level 7 in Invocations
  3585 | D:8      | Learned a level 3 spell: Conjure Flame
  3590 | D:8      | Learned a level 4 spell: Fulminant Prism
  3733 | D:8      | Noticed a cyclops
  3741 | D:8      | Killed a cyclops
  3742 | D:8      | Reached skill level 8 in Invocations
  3747 | D:8      | Reached XP level 10. HP: 40/67 MP: 11/19
  3874 | D:8      | Reached skill level 9 in Invocations
  4093 | D:9      | Reached ***** piety under Qazlal
  4113 | D:9      | Learned a level 3 spell: Inner Flame
  4161 | D:9      | Found a staircase to the Orcish Mines.
  4321 | D:9      | Reached skill level 1 in Hexes
  4339 | D:9      | Reached skill level 1 in Fire Magic
  4362 | D:9      | Found a flagged portal.
  4415 | Bailey   | Entered a bailey
  4605 | Bailey   | Reached skill level 10 in Invocations
  4693 | Bailey   | Identified the +1 chain mail "Xyunn" {-Cast rF+ Str+3
                  | Stlth+}
  4985 | Orc:1    | Entered Level 1 of the Orcish Mines
  4996 | Orc:1    | Noticed an ettin
  5008 | Orc:1    | Annihilated by an ettin

Illustrated notes

Levels and vault maps discovered:
D:1:      dpeg_chamrin_arrival_tetris, layout_basic,
          shapermc_ecumenical_altar_gd
D:2:      minmay_skewed_foursquare, layout_loops_ring,
          chequers_serial_rivers_large_b, minmay_misc_feat_chi
D:3:      layout_loops_corners, minmay_misc_feat_tower, hangedman_decor_growths
D:4:      layout_cave_pods, serial_shops, nicolae_stop_n_shop_2, uniq_robin,
          uniq_pikel, uniq_blork_the_orc
D:5:      layout_rooms, minitemple, demons_altar, uniq_sigmund, uniq_eustachio
D:6:      layout_cave_pools, nicolae_ossuary_entry_ruins,
          kennysheep_cluttered_room, nicolae_elemental_shop, uniq_grinder
D:7:      layout_rooms, minmay_temple_entry_statues_pillars,
          hellmonk_bongcloud_opening, uniq_prince_ribbit1
D:8:      layout_basic, minmay_starry_boxes, uniq_harold
D:9:      layout_loops_cross, orc_0_dummy, enter_bailey_3,
          gammafunk_ghost_cemetery
Orc:1:    giant_chief_lemuel, layout_caves, basic_altar, lightli_church_of_beogh

Skill      XL: |  1  2  3  4  5  6  7  8  9 10 |
---------------+-------------------------------+-----
Conjurations   | 4 5 6 7 8 9 |  9.2
Invocations    | 2 3 4 5 6 8 10 | 10.1
Ice Magic      | 1 3 4 5 |  5.0
Spellcasting   | 3 4 5 6 |  6.1
Hexes          | 3 |  3.3
Fire Magic     | 2 |  2.7
Dodging        | |  1.5
Stealth        | |  1.2

Action                   |  1- 3 |  4- 6 |  7- 9 | 10-12 || total
-------------------------+-------+-------+-------+-------++-------
Melee: Unarmed           |    14 |       |       |       ||    14
       Short sword       |    63 |       |       |       ||    63
       Hunting sling     |     2 |       |       |       ||     2
       Tailslap          |     5 |     1 |     8 |       ||    14
       Shortbow          |       |     2 |     2 |     4 ||     8
       Scythe            |       |    11 |       |       ||    11
       Halberd           |       |       |    85 |       ||    85
 Fire: Hunting sling     |     5 |       |       |       ||     5
       Shortbow          |       |    23 |    37 |    29 ||    89
 Cast: Magic Dart        |    34 |       |     3 |     2 ||    39
       Searing Ray       |     7 |    21 |    49 |    48 ||   125
       Frozen Ramparts   |       |     1 |       |     2 ||     3
       Dazzling Flash    |       |       |     4 |     3 ||     7
       Conjure Flame     |       |       |     2 |     4 ||     6
       Fulminant Prism   |       |       |       |    11 ||    11
       Inner Flame       |       |       |       |    10 ||    10
 Abil: Rolling Charge    |    17 |     2 |     2 |     4 ||    25
Evoke: Wand              |       |       |     1 |     1 ||     2
       Piece from Xom's  |       |       |     3 |    15 ||    18
       Condenser vane    |       |       |       |     1 ||     1
  Use: Potion            |     3 |       |       |     2 ||     5
       Scroll            |       |     3 |     3 |     2 ||     8
Armor: Robe              |    39 |     7 |    44 |    24 ||   114
Dodge: Dodged            |    77 |    24 |    54 |    32 ||   187
Block: Other             |     6 |    15 |    53 |    34 ||   108
       Reflection        |       |     1 |     1 |       ||     2
